[Event "XVI Memorial Lezcano Montalvo 2024"]
[Site "Gran Canaria"]
[Date "2024.03.23"]
[Round "1.1"]
[White "Dvirnyy, Danyyil"]
[Black "Rivero Tacoronte, Gabriel"]
[Result "1-0"]
[ECO "E02"]
[WhiteElo "2482"]
[BlackElo "1831"]
[Annotator "RC"]
[PlyCount "45"]
[EventDate "2024.03.23"]
[EventType "swiss"]
[EventCountry "ESP"]
[SourceTitle "playchess.com"]
[Source "ChessBase"]
[SourceQuality "1"]
[TimeControl "5400+30"]

1. d4 d5 2. Nf3 Nf6 3. c4 c6 4. Nc3 e6 5. Qd3 Nbd7 6. g3 Be7 7. Bg2 O-O 8. O-O dxc4 9. Qxc4 c5 10. Rd1 Nb6 11. Qb3 c4 12. Qc2 Bd7 13. Ne5 Nfd5 14. Nxd7 Qxd7 15. Bd2 Rac8 16. h4 Rfd8 17. a3 Bf6 18. Be4 h6 19. Qc1 Bxd4 20. Bc2 Bxc3 21. bxc3 Na4 22. e4 Ne7 23. Bg5 1-0

[Event "XVI Memorial Lezcano Montalvo 2024"]
[Site "Gran Canaria"]
[Date "2024.03.23"]
[Round "1.2"]
[White "Rivero Reyes, Alejandro"]
[Black "Kovchan, Alexander"]
[Result "0-1"]
[ECO "D73"]
[WhiteElo "1799"]
[BlackElo "2477"]
[Annotator "TA"]
[PlyCount "38"]
[EventDate "2024.03.23"]
[EventType "swiss"]
[EventCountry "ESP"]
[SourceTitle "playchess.com"]
[Source "ChessBase"]
[SourceQuality "1"]
[TimeControl "5400+30"]

1. Nf3 Nf6 2. g3 d5 3. Bg2 g6 4. O-O Bg7 5. d4 c6 6. c4 dxc4 7. Qc2 b5 8. Nbd2 O-O {[%emt 0:13:03] Die Stellung ist ausgeglichen.} 9. a4 (9. b3 $11) 9... Nd5 $15 10. axb5 cxb5 11. b3 {[%emt 0:05:07] [#]} (11. Nb1 $142) 11... c3 $1 $17 12. Ne4 Bf5 {[%emt 0:06:37] Und jetzt ...Nc6 wäre schön.} 13. Nh4 {[%emt 0:12:54] Schwarz muss nun Nxf5 beachten.} Nc6 (13... Bxd4 14. Nxf5 gxf5 15. Nxc3 Bxc3 16. Bxd5 Qxd5 17. Qxc3 $14) 14. Nxf5 {[%emt 0:03:17] Davon erholt Weiß sich nicht mehr.} (14. e3 $17 {war die einzige Chance.}) 14... gxf5 $19 (14... Ncb4 15. Nxe7+ Qxe7 16. Qd1 $17) 15. Ng5 ({Ein No Go ist} 15. Nxc3 Nxd4 (15... Bxd4 $2 16. Nxd5 Bxa1 17. Qxc6 $18) 16. Qb2 Nxc3) 15... Nxd4 16. Qd3 e6 (16... Nxb3 $2 {geht unter.} 17. Bxd5 e6 (17... Nxa1 18. Qxf5 Re8 19. Bxf7+ Kh8 20. Qxh7#) 18. Bxb3 $18) 17. Kh1 $2 {[%emt 0:02:33] [#]} (17. Bxd5 Qxd5 18. Bf4) 17... Nxb3 {[%emt 0:04:18] Schwarz steht klar auf Gewinn.} 18. Rb1 Nxc1 19. Rfxc1 Qxg5 {[%emt 0:52:50] Gewichteter Fehlerwert: Weiß=0.76/Schwarz=0.05 (makellos) .  Verlustzug:     	Weiß=1     	---        Fehler:       	Weiß=3     	---        Ungenau:       	Weiß=1     	---        OK:         	Weiß=4     	Schwarz=6     Stark:        	---       	Schwarz=1} 0-1

[Event "XVI Memorial Lezcano Montalvo 2024"]
[Site "Gran Canaria"]
[Date "2024.03.23"]
[Round "1.3"]
[White "Kurajica, Bojan"]
[Black "Basualdo De Ornelas, Jorge"]
[Result "1-0"]
[ECO "E02"]
[WhiteElo "2444"]
[BlackElo "1792"]
[Annotator "TA"]
[PlyCount "71"]
[EventDate "2024.03.23"]
[EventType "swiss"]
[EventCountry "ESP"]
[SourceTitle "playchess.com"]
[Source "ChessBase"]
[SourceQuality "1"]
[TimeControl "5400+30"]

1. Nf3 d5 2. d4 Nf6 3. c4 e6 4. g3 dxc4 5. Qa4+ Bd7 6. Qxc4 Be7 7. Bg2 Bc6 8. Nc3 O-O 9. O-O a6 10. Qd3 {[%emt 0:05:37] White is slightly better.} Bxf3 11. Bxf3 Nc6 12. Bxc6 bxc6 13. Qc4 Rb8 (13... Qd7 $11) 14. Rd1 $1 $16 Rb4 15. Qxc6 Rxd4 16. Bf4 Rxd1+ 17. Rxd1 Qb8 18. Qxc7 {[%emt 0:00:41] White has more active pieces.} ({Don't play} 18. Qxa6 $6 Qxb2 19. Qc4 c5 $11) 18... Qe8 {[%emt 0:21:26] Loses the game.} (18... Qxc7 $16 {keeps fighting.} 19. Bxc7 Rc8) 19. Qa7 $18 e5 $2 (19... Bb4 20. Bd6 (20. Qxa6 Bxc3 21. bxc3 Nd5 $18) 20... Bxd6) 20. Bxe5 Ng4 21. Bd4 f5 22. Nd5 Rf7 23. Qxa6 {[%emt 0:00:49] Qe6 would now be deadly.} Bg5 24. h3 Nh6 25. Qc4 f4 26. gxf4 Bh4 27. Ne3 Kh8 28. Ng2 Bd8 29. Bc3 Bb6 30. Rd6 Bxf2+ 31. Kxf2 Nf5 {[%emt 0:00:22] [#]} 32. Qxf7 $3 Qc8 {[%emt 0:00:37] [#]} (32... Qxf7 33. Rd8+) 33. Qxf5 $3 {[%emt 0:00:24][%cal Rf5c8] White mates.} Qc5+ (33... Qb8 34. Qf7) 34. Qxc5 h5 35. Qxh5+ Kg8 36. Rd8# {[%emt 0:00:09] Weighted Error Value: White=0.11 (very precise) /Black=0.40.  Mistake:       	---       	Black=3      Inaccurate:     	White=1     	Black=3      OK:         	White=9     	Black=2      Best:        	White=2     	---        Strong:       	White=1     	---} 1-0

[Event "XVI Memorial Lezcano Montalvo 2024"]
[Site "Gran Canaria"]
[Date "2024.03.23"]
[Round "1.4"]
[White "Gonzalez Perdomo, Sergio"]
[Black "Omelja, Artem"]
[Result "0-1"]
[ECO "C18"]
[WhiteElo "1792"]
[BlackElo "2438"]
[Annotator "TA"]
[PlyCount "60"]
[EventDate "2024.03.23"]
[EventType "swiss"]
[EventCountry "ESP"]
[SourceTitle "playchess.com"]
[Source "ChessBase"]
[SourceQuality "1"]
[TimeControl "5400+30"]

1. e4 e6 2. d4 d5 3. Nc3 Bb4 4. e5 c5 5. a3 Bxc3+ 6. bxc3 Qa5 7. Bd2 Qa4 8. Rb1 c4 9. f4 Nc6 10. Nf3 {[%emt 0:01:13] The position is equal.} b6 11. Be2 Bd7 12. O-O Nge7 13. g4 ({Better is} 13. Qc1 $11) 13... h5 $15 14. h3 (14. gxh5 $15 Rxh5 15. Ng5) 14... hxg4 $17 15. hxg4 O-O-O 16. Kg2 f6 {[%emt 0:00:41] Black is more active.} 17. Be3 Be8 18. Qd2 Bg6 19. Bd1 (19. Rbe1 $142) 19... Be4 (19... Qxa3 20. Be2) 20. Kg3 Rh7 (20... Qxa3 21. Be2 $19) 21. Rf2 Rdh8 (21... Qxa3 22. Rh2 $19) 22. Rh2 {[%emt 0:01:51] Dodges Rh3+} Rxh2 (22... Qxa3 23. Rxh7 Rxh7 24. Qc1 Qxc1 (24... Qxc3 $2 25. Bd2 $18) 25. Rxc1 $19) 23. Nxh2 f5 (23... Qxa3 24. Nf3 $19) 24. Bf3 fxg4 ({Resist} 24... Qxa3 25. Be2 $19) (24... Qxc2 25. Qxc2 Bxc2 26. Re1 $19) (24... Bxc2 25. Rc1 Bd3 26. g5 $17) 25. Bxe4 (25. Bxg4 $142 Nf5+ (25... Qxa3 $2 26. Bxe6+ Kc7 27. Nf3 $19) 26. Bxf5 Bxf5 27. Rc1) 25... dxe4 $19 26. Nxg4 Nd5 {[%emt 0:01:04][%cal Oc6e7] [#] ...Nce7! is the strong threat.} 27. Nf2 Nce7 {[%emt 0:00:10] ( -> ...Nf5+)} 28. Re1 Nf5+ {[%emt 0:00:14] A dynamic duo of knights. Black mates.} 29. Kg2 Qe8 (29... Ndxe3+ 30. Rxe3 Qe8 (30... Nxe3+ $2 31. Qxe3 Qxc2 32. a4 $19) (30... Qxa3 $2 31. Rxe4 Qa5 32. d5 $19) 31. Nh3 Qg6+ (31... Nxe3+ $2 32. Qxe3 Qh5 33. Qg3 $19) 32. Kh2 $19) 30. Nxe4 Qh5 {[%emt 0:00:31] Black took control after the opening.   Weighted Error Value: White=0.90/Black=0.04 (flawless) .  Mistake:       	White=4     	---        Inaccurate:     	White=4     	Black=1      OK:         	White=4     	Black=12} 0-1

[Event "XVI Memorial Lezcano Montalvo 2024"]
[Site "Gran Canaria"]
[Date "2024.03.23"]
[Round "1.5"]
[White "Strikovic, Aleksa"]
[Black "Rossello Padron, Carlos"]
[Result "1-0"]
[ECO "A34"]
[WhiteElo "2430"]
[BlackElo "1792"]
[Annotator "TA"]
[PlyCount "105"]
[EventDate "2024.03.23"]
[EventType "swiss"]
[EventCountry "ESP"]
[SourceTitle "playchess.com"]
[Source "ChessBase"]
[SourceQuality "1"]
[TimeControl "5400+30"]

1. c4 Nf6 2. Nc3 d5 3. cxd5 Nxd5 4. g3 c5 5. Bg2 e6 6. Nf3 Nc6 7. O-O Be7 8. d4 Nxc3 9. bxc3 O-O 10. Rb1 Bf6 (10... Qa5 $11) 11. Ba3 $16 Qa5 (11... Qd7 $16) 12. Bxc5 $18 Rd8 {[%emt 0:00:08] Weiß steht deutlich besser.} 13. Qb3 (13. Nd2 $142) 13... e5 $16 14. Bb4 Qa6 15. dxe5 Nxe5 16. Nxe5 Bxe5 17. c4 Be6 18. Be7 Rd7 19. Bxb7 Bxc4 20. Qb4 Bc3 21. Qxc3 Rxb7 22. Rxb7 $40 {[%emt 0:00:06][%mdl 128] Weiss riecht Blut.} Qxb7 23. Qxc4 Qxe7 {[%emt 0:00:24][%mdl 4096] Endspiel. KQR-KQR} 24. Rd1 Re8 25. Rd4 h6 26. e3 Rd8 27. Qc6 a5 28. Re4 {[%emt 0:01:36] Weiß steht aktiver.} Qd7 {[%emt 0:01:20] Führt Schwarz ins Verderben.} (28... Qa3 $16) 29. Qxd7 $18 Rxd7 {[%emt 0:00:11] KR-KR} 30. Re8+ Kh7 31. Re5 Ra7 32. a4 f6 33. Rb5 Kg6 (33... g5 $142 34. Kg2 Kg6) 34. g4 Kf7 35. Kg2 Ke6 36. h4 g5 37. h5 (37. Kg3 $142) 37... Kf7 38. Kf3 Ke6 39. Ke4 Ra6 40. f3 Ra7 41. Rb6+ Ke7 42. Kf5 Kf7 43. Rxf6+ Kg7 44. Rg6+ Kh7 45. f4 gxf4 46. exf4 {[%emt 0:00:05][%cal Be3f4,Bf4g5,Bg5g6][%mdl 32] [#] Weiss droht g5 und Matt.} Ra8 47. Re6 {[%emt 0:00:09] Weiß setzt Matt.} Rf8+ 48. Ke5 Rc8 49. g5 hxg5 50. fxg5 Rc4 51. Re7+ Kg8 52. g6 Rc5+ 53. Ke4 $2 {[%emt 1:10:52][%mdl 32768] Gewichteter Fehlerwert: Weiß=0.05 (makellos) /Schwarz=0.40.  Fehler:       	Weiß=2     	Schwarz=3     Ungenau:       	---       	Schwarz=3     OK:         	Weiß=17    	Schwarz=9     Bester:       	Weiß=5     	Schwarz=1    . Fehler vom Sensorbrett (Ke4/e5)?} (53. Kf6 {setzt Matt} Rc6+ 54. Kg5 Rc5+ 55. Kh6 Rc8 56. Rg7+ Kh8 57. Ra7 Kg8 58. Rxa5) 1-0

[Event "XVI Memorial Lezcano Montalvo 2024"]
[Site "Gran Canaria"]
[Date "2024.03.23"]
[Round "1.6"]
[White "Guerra Aleman, Marcial"]
[Black "Yankelevich, Lev"]
[Result "0-1"]
[ECO "E60"]
[WhiteElo "1788"]
[BlackElo "2412"]
[Annotator "TA"]
[PlyCount "48"]
[EventDate "2024.03.23"]
[EventType "swiss"]
[EventCountry "ESP"]
[SourceTitle "playchess.com"]
[Source "ChessBase"]
[SourceQuality "1"]
[TimeControl "5400+30"]

1. d4 Nf6 2. Nf3 g6 3. g3 Bg7 4. Bg2 O-O 5. O-O d6 6. c4 Bf5 7. Nh4 {[%emt 0:03:54] [#] Strongly threatening Nxf5.} Be4 8. Nc3 Bxg2 9. Nxg2 {[%emt 0:00:09] The position is equal.} Qc8 10. e4 e5 11. dxe5 dxe5 12. Nd5 Nc6 {[%emt 0:02:21] Prevents Ne7+} 13. Nxf6+ Bxf6 14. Qf3 Qe6 15. Ne3 Nd4 16. Qg4 Bg7 17. Qxe6 fxe6 18. c5 b5 19. cxb6 axb6 20. a4 (20. b4 $1 $11 {keeps the balance.}) 20... b5 $17 {[%emt 0:03:55] Black is much more active.} 21. b3 $2 {[%emt 0:00:00] [#] This move loses the game for White.} Nxb3 $19 {[%emt 0:00:23] Black has a decisive advantage.} 22. Rb1 bxa4 23. Rd1 Rfd8 24. Ba3 Rd4 {[%emt 0:46:29] Weighted Error Value: White=0.37/Black=0.09 (flawless) .  Loses game:     	White=1     	---        Mistake:       	White=1     	---        Inaccurate:     	White=3     	Black=2      OK:         	White=2     	Black=10     Best:        	White=1     	---} 0-1

[Event "XVI Memorial Lezcano Montalvo 2024"]
[Site "Gran Canaria"]
[Date "2024.03.23"]
[Round "1.7"]
[White "Fiorito, Joaquin"]
[Black "Cabrera Ramos, Javier"]
[Result "1-0"]
[ECO "D85"]
[WhiteElo "2409"]
[BlackElo "1784"]
[Annotator "TA"]
[PlyCount "63"]
[EventDate "2024.03.23"]
[EventType "swiss"]
[EventCountry "ESP"]
[SourceTitle "playchess.com"]
[Source "ChessBase"]
[SourceQuality "1"]
[TimeControl "5400+30"]

1. d4 Nf6 2. c4 g6 3. Nc3 d5 4. Nf3 Bg7 5. cxd5 Nxd5 6. e4 Nxc3 7. bxc3 c5 8. Bb5+ Bd7 9. Rb1 a6 (9... Bxb5 $11 10. Rxb5 b6) 10. Bxd7+ Qxd7 11. O-O b5 {[%emt 0:00:23] White has an edge.} 12. Be3 O-O 13. d5 ({Don't play} 13. dxc5 $6 Rc8 14. Qd5 Qxd5 15. exd5 Nd7 $18) 13... f5 (13... Qd6 $14) 14. e5 $16 ({Reject} 14. Bxc5 $6 fxe4 15. Ng5 Rf5 16. Nxe4 Rxd5 $14) 14... Qc7 15. Bf4 Rd8 {[%emt 0:00:53] Black cannot hold the game after this.} (15... Nd7 $16 {was worth a try.}) 16. Ng5 $18 Qa5 $2 {[%emt 0:00:15] [#]} (16... Qc8 17. Ne6 Nc6 18. Nxd8 (18. Nxc5 Nxe5 19. Ne6 Qc4 $16) 18... Nxd8) 17. Ne6 (17. d6 $142 {Qd5+ would kill now.} Qxa2 18. Rb3 (18. dxe7 Re8 $18)) 17... Nd7 18. Nxd8 Rxd8 19. c4 Nb6 $2 (19... Nxe5 20. Qe2 Qc3) 20. d6 e6 21. Bg5 Nxc4 22. Bxd8 Qxd8 23. f4 {[%emt 0:00:16] [#] Strongly threatening a4.} Ne3 (23... g5 $142 24. g3 gxf4 25. gxf4 Na5) 24. Qb3 Nd5 25. Qf3 g5 26. Rbd1 {[%emt 0:01:24] aiming for Rxd5.} Nxf4 27. Qc6 Bxe5 28. Qxc5 Ng6 29. Rfe1 Bxh2+ 30. Kxh2 {[%emt 0:00:10] White mates.} g4 31. d7 Nf4 32. Qc8 {[%emt 1:15:40] Weighted Error Value: White=0.28 (precise) /Black=0.71.  Mistake:       	White=1     	Black=5      Inaccurate:     	White=1     	---        OK:         	White=8     	Black=6} 1-0

[Event "XVI Memorial Lezcano Montalvo 2024"]
[Site "Gran Canaria"]
[Date "2024.03.23"]
[Round "1.8"]
[White "Bangiev, Katharina"]
[Black "Tutisani, Noe"]
[Result "0-1"]
[ECO "B70"]
[WhiteElo "1779"]
[BlackElo "2405"]
[Annotator "TA"]
[PlyCount "60"]
[EventDate "2024.03.23"]
[EventType "swiss"]
[EventCountry "ESP"]
[SourceTitle "playchess.com"]
[Source "ChessBase"]
[SourceQuality "1"]
[TimeControl "5400+30"]

1. e4 c5 2. Nf3 d6 3. d4 cxd4 4. Nxd4 Nf6 5. Nc3 g6 6. g3 Bg7 7. Bg2 O-O 8. O-O Nc6 9. Nxc6 bxc6 10. e5 dxe5 11. Bxc6 Rb8 12. Qxd8 {[%emt 0:02:14] Black has an edge.} Rxd8 13. Rb1 (13. Rd1 $11 Bf5 14. Rxd8+ Rxd8 15. Be3) 13... Bh3 (13... Ba6 $17 14. Rd1 Rdc8) 14. Re1 {[%emt 0:05:15] [#]} (14. Bg2 $11 {remains equal.} Bf5 15. Be3) 14... Rdc8 $1 $17 15. Nd5 {[%emt 0:07:58] [#]} Nxd5 (15... Rxc6 $2 {loses.} 16. Nxe7+ Kf8 17. Nxc6 $18) ({Better is} 15... Kf8 $1 16. Nxf6 Rxc6) 16. Bxd5 Rxc2 17. Bb3 Rc7 {[%emt 0:01:36] Black has more active pieces.} 18. f4 (18. Bg5 $17) 18... Bf5 $36 {[%emt 0:09:48][%mdl 2048] Keeping White busy.} 19. Ra1 e4 20. Re2 a5 21. Be3 Bd7 {[%emt 0:00:09] White must now prevent ...a4.} 22. Rb1 a4 23. Bd5 (23. Bc2) 23... Bb5 24. Rd2 (24. Ree1 $142 Bd3 25. Rec1) 24... Bd3 {[%emt 0:00:06] Black is clearly winning.} 25. Rbd1 Rxb2 26. Rxb2 Bxb2 27. Bb6 Rc2 28. Re1 Bc3 29. Rd1 e6 30. Ba8 Rxa2 {[%emt 0:01:12] Weighted Error Value: White=0.57/Black=0.09 (flawless) .  Mistake:       	White=5     	Black=2      OK:         	White=6     	Black=11     Best:        	White=1     	Black=2      Strong:       	---       	Black=1} 0-1

[Event "XVI Memorial Lezcano Montalvo 2024"]
[Site "Gran Canaria"]
[Date "2024.03.23"]
[Round "1.9"]
[White "Lianes Garcia, Marcos"]
[Black "Grube, Kurt"]
[Result "1-0"]
[ECO "B20"]
[WhiteElo "2398"]
[BlackElo "1773"]
[Annotator "TA"]
[PlyCount "69"]
[EventDate "2024.03.23"]
[EventType "swiss"]
[EventCountry "ESP"]
[SourceTitle "playchess.com"]
[Source "ChessBase"]
[SourceQuality "1"]
[TimeControl "5400+30"]

1. e4 c5 2. g3 Nc6 3. Bg2 Nf6 4. Ne2 e5 5. O-O d5 6. exd5 Nxd5 7. c3 Be7 8. d4 {[%emt 0:00:06] The position is equal.} Be6 (8... exd4 $11 {remains equal.} 9. cxd4 O-O) 9. c4 (9. dxe5 $16 O-O 10. Re1) 9... exd4 (9... cxd4 $1 $11 10. cxd5 (10. Bxd5 Bxd5 11. cxd5 Qxd5 $11) 10... Bxd5) 10. cxd5 $16 Bxd5 11. Bxd5 Qxd5 12. Nf4 Qd7 13. Nd2 O-O 14. Qf3 Rad8 (14... Bg5 $16) 15. Nd3 $18 b6 16. Re1 f6 17. b3 Bd6 18. Nc4 {[%emt 0:00:17] [#] Black must now prevent Qd5+.} Ne5 19. Qd5+ Kh8 (19... Nf7 $142 20. Bd2 Bc7 21. Qxd7 Rxd7) 20. Ndxe5 fxe5 21. Nxd6 {[%emt 0:00:22][%cal Oc1g5] And now Bg5! would win.} ({Resist} 21. Nxe5 Qf5 22. f4 (22. Bf4 g5 $16) 22... Bxe5 23. Qxe5 Qg6 $18) 21... Rf6 22. Nf7+ Rxf7 23. Qxd7 Rfxd7 24. Rxe5 h6 25. Bd2 Rc8 26. Rc1 Kg8 27. Kf1 Kf7 28. Ke2 Kf6 29. Re4 Rcd8 30. Kd3 g5 {[%emt 0:01:59] White is clearly winning.} 31. Rce1 Rd6 32. h4 gxh4 33. Rxh4 Kg7 34. Re7+ Kf8 35. Rxa7 {[%emt 0:00:07] Black did not feel at home in the position after the opening.   Weighted Error Value: White=0.08 (flawless) /Black=0.40.  Mistake:       	White=1     	Black=4      Inaccurate:     	---       	Black=2      OK:         	White=18    	Black=1      Best:        	---       	Black=1} 1-0

[Event "XVI Memorial Lezcano Montalvo 2024"]
[Site "Gran Canaria"]
[Date "2024.03.23"]
[Round "1.10"]
[White "Lorenzo Ventura, Abel"]
[Black "Sanz Wawer, Daniel"]
[Result "0-1"]
[ECO "A48"]
[WhiteElo "1772"]
[BlackElo "2397"]
[Annotator "TA"]
[PlyCount "62"]
[EventDate "2024.03.23"]
[EventType "swiss"]
[EventCountry "ESP"]
[SourceTitle "playchess.com"]
[Source "ChessBase"]
[SourceQuality "1"]
[TimeControl "5400+30"]

1. d4 Nf6 2. Bf4 g6 3. Nf3 d6 4. e3 Nh5 5. Bg5 h6 6. Bh4 g5 7. Nfd2 Ng7 8. Bg3 {[%emt 0:00:37] White is slightly better.} Nf5 9. c3 h5 {[%emt 0:03:05] Hoping for ...h4.} 10. e4 Nxd4 (10... h4 $11) 11. cxd4 ({Better is} 11. h4 $1 $14 gxh4 12. Rxh4) 11... h4 $11 12. Bc4 hxg3 13. fxg3 e6 14. Nc3 (14. O-O {is more complex.} Bg7 15. Nb3 c5 16. Qf3) 14... Nc6 15. Nb3 Bg7 16. Qd2 Qe7 17. O-O-O Bd7 18. Nb5 O-O-O 19. Na5 Kb8 20. h3 {[%emt 0:06:14] [#]} (20. Nxc6+ $142 bxc6 (20... Bxc6 21. Nc3 $17) 21. Nc3) 20... g4 $1 $17 {[%emt 0:09:29][%mdl 512] ...Bh6 is the strong threat.} 21. Kb1 gxh3 22. gxh3 {[%emt 0:00:40] [#]} d5 $1 23. exd5 exd5 24. Qf4 $2 {[%emt 0:03:38][%mdl 8192] This costs White the game.} Be6 $19 {[%emt 0:04:13] A strong pair of Bishops.} ({Worse is} 24... Nxa5 25. Qxc7+ (25. Bxd5 $2 {too greedy.} Bxb5 26. Qxf7 Qxf7 $19) 25... Ka8 26. Qxa5 Bxb5 27. Bxb5 $11) 25. Nxc6+ bxc6 26. Nxa7 Kxa7 (26... dxc4 $2 {is the wrong capture.} 27. Nxc6+ Ka8 28. Nxe7 $18) 27. Rd3 (27. Bf1 $142) 27... dxc4 28. Ra3+ Kb7 29. d5 Bxd5 30. Rf1 Be4+ 31. Ka1 Qxa3 {[%emt 0:00:23] Weighted Error Value: White=1.25/Black=0.06 (flawless) .  Loses game:     	White=1     	---        Mistake:       	White=3     	Black=1      Inaccurate:     	White=5     	Black=2      OK:         	White=6     	Black=11     Best:        	---       	Black=3} 0-1

[Event "XVI Memorial Lezcano Montalvo 2024"]
[Site "Gran Canaria"]
[Date "2024.03.23"]
[Round "1.11"]
[White "Barlov, Dragan"]
[Black "Yuan, Yingjie"]
[Result "1-0"]
[ECO "B38"]
[WhiteElo "2387"]
[BlackElo "1771"]
[Annotator "RC"]
[PlyCount "38"]
[EventDate "2024.03.23"]
[EventType "swiss"]
[EventCountry "ESP"]
[SourceTitle "playchess.com"]
[Source "ChessBase"]
[SourceQuality "1"]
[TimeControl "5400+30"]

1. c4 c5 2. Nf3 Nc6 3. d4 cxd4 4. Nxd4 g6 5. e4 Bg7 6. Be3 Nf6 7. Nc3 O-O 8. Be2 d6 9. O-O h5 10. Qd2 Ng4 11. Bxg4 Bxg4 12. f3 Bd7 13. Rfd1 Kh7 14. Qf2 Rc8 15. b3 a6 16. Rac1 e6 17. Nde2 Qe7 18. c5 Ne5 19. cxd6 Kg8 1-0

[Event "XVI Memorial Lezcano Montalvo 2024"]
[Site "Gran Canaria"]
[Date "2024.03.23"]
[Round "1.12"]
[White "Perez Betancor, Jose Luis"]
[Black "Garcia Blanco, Omar"]
[Result "0-1"]
[ECO "B22"]
[WhiteElo "1765"]
[BlackElo "2377"]
[Annotator "RC"]
[PlyCount "50"]
[EventDate "2024.03.23"]
[EventType "swiss"]
[EventCountry "ESP"]
[SourceTitle "playchess.com"]
[Source "ChessBase"]
[SourceQuality "1"]
[TimeControl "5400+30"]

1. e4 c5 2. d4 cxd4 3. c3 Nf6 4. e5 Nd5 5. Qxd4 e6 6. Nf3 Nc6 7. Qe4 f5 8. Qe2 Be7 9. g3 b5 10. Bg2 a5 11. O-O Ba6 12. Nbd2 a4 13. Rd1 O-O 14. Nd4 b4 15. Nxc6 Bxe2 16. Nxd8 Bxd1 17. Nb7 bxc3 18. bxc3 Rab8 19. Nd6 Bxd6 20. exd6 Nxc3 21. Nf3 Ne2+ 22. Kf1 Nxc1 23. Rxc1 Bxf3 24. Bxf3 Rfc8 25. Rd1 Rc2 0-1

[Event "XVI Memorial Lezcano Montalvo 2024"]
[Site "Gran Canaria"]
[Date "2024.03.23"]
[Round "1.13"]
[White "Fiorito, Francisco"]
[Black "Quevedo Olivares, Carlos Tomas"]
[Result "1-0"]
[ECO "D02"]
[WhiteElo "2368"]
[BlackElo "1763"]
[Annotator "RC"]
[PlyCount "71"]
[EventDate "2024.03.23"]
[EventType "swiss"]
[EventCountry "ESP"]
[SourceTitle "playchess.com"]
[Source "ChessBase"]
[SourceQuality "1"]
[TimeControl "5400+30"]

1. Nf3 g6 2. d4 Bg7 3. Bf4 d5 4. e3 c5 5. c3 Nc6 6. Nbd2 Bf5 7. Qb3 Qb6 8. dxc5 Qxb3 9. axb3 e5 10. Bg3 a6 11. b4 e4 12. Nd4 Nxd4 13. cxd4 Ne7 14. b5 a5 15. Be2 O-O 16. O-O Bd7 17. Ra3 g5 18. Rfa1 f5 19. Bd6 Rae8 20. Bh5 Bxb5 21. Bxe8 Rxe8 22. Rxa5 Bc6 23. b4 Nc8 24. b5 Bd7 25. Bc7 f4 26. c6 bxc6 27. b6 Nxb6 28. Bxb6 h5 29. Ra8 Bc8 30. Rc1 Bd7 31. Rxe8+ Bxe8 32. Ra1 Kh7 33. Ra8 Bd7 34. Rd8 Be6 35. Rd6 Bg8 36. Rxc6 1-0

[Event "XVI Memorial Lezcano Montalvo 2024"]
[Site "Gran Canaria"]
[Date "2024.03.23"]
[Round "1.14"]
[White "Mukhi Talreja, Ishita Tina"]
[Black "Larino Nieto, David"]
[Result "0-1"]
[ECO "A41"]
[WhiteElo "1755"]
[BlackElo "2365"]
[Annotator "RC"]
[PlyCount "76"]
[EventDate "2024.03.23"]
[EventType "swiss"]
[EventCountry "ESP"]
[SourceTitle "playchess.com"]
[Source "ChessBase"]
[SourceQuality "1"]
[TimeControl "5400+30"]

1. d4 d6 2. Nf3 b6 3. e3 Bb7 4. b3 a5 5. a3 Nd7 6. Bb2 Ngf6 7. Nbd2 e6 8. Be2 Rg8 9. c4 g5 10. Rg1 g4 11. Nh4 h5 12. Qc2 d5 13. g3 Rc8 14. Bd3 c5 15. Qb1 cxd4 16. exd4 Bh6 17. a4 Bxd2+ 18. Kxd2 Ne4+ 19. Bxe4 dxe4 20. Re1 Nc5 21. Bc3 Nd3 22. Re2 e5 23. Nf5 Qf6 24. Qxd3 exd3 25. Rxe5+ Kd7 26. d5 Rg5 27. Re7+ Qxe7 28. Nxe7 Kxe7 29. Re1+ Kd7 30. Bf6 Rf5 31. Bd4 b5 32. axb5 Bxd5 33. Kxd3 Be6 34. Ra1 Ra8 35. b4 Rc8 36. c5 axb4 37. Ra7+ Rc7 38. Ra6 Rfxc5 0-1

[Event "XVI Memorial Lezcano Montalvo 2024"]
[Site "Gran Canaria"]
[Date "2024.03.23"]
[Round "1.15"]
[White "Akhvlediani, Irakli"]
[Black "Santos Falcon, Jose"]
[Result "0-1"]
[ECO "B06"]
[WhiteElo "2356"]
[BlackElo "1749"]
[Annotator "RC"]
[PlyCount "72"]
[EventDate "2024.03.23"]
[EventType "swiss"]
[EventCountry "ESP"]
[SourceTitle "playchess.com"]
[Source "ChessBase"]
[SourceQuality "1"]
[TimeControl "5400+30"]

1. d4 g6 2. Nf3 Bg7 3. e4 d6 4. Be2 Nf6 5. Qd3 O-O 6. Bg5 Nc6 7. a3 h6 8. Bh4 e5 9. d5 Ne7 10. Nbd2 Nh7 11. h3 f5 12. O-O g5 13. Bg3 f4 14. Bh2 h5 15. c4 Ng6 16. b4 g4 17. Ne1 Qh4 18. c5 gxh3 19. g3 Qg5 20. Nef3 Qe7 21. cxd6 cxd6 22. Rac1 fxg3 23. fxg3 Bg4 24. Rc3 Rf7 25. Rfc1 Raf8 26. Qb5 Bh6 27. Rc7 Qxc7 28. Rxc7 Rxc7 29. Nc4 Bxf3 30. Bxf3 Rxf3 31. Kh1 Nhf8 32. Nxd6 Rc1+ 33. Bg1 Rxg3 34. Qxb7 Rcxg1+ 35. Kh2 R3g2+ 36. Kxh3 Nf4+ 0-1